 Dungeon Crawl Stone Soup version 0.28.0-53-g5a82cb258f (webtiles) character file.

Game seed: 123084100131946087

907 CryoSword the Conjurer (level 7, -8/57 HPs)
             Began as a White Draconian Conjurer on May 31, 2022.
             Mangled by Duvessa
             ... wielding a +0 short sword
              (10 damage)
             ... on level 5 of the Dungeon.
             The game lasted 00:09:05 (5848 turns).

CryoSword the Conjurer (White Draconian Conjurer)   Turns: 5848, Time: 00:09:05

Health: -8/57      AC:  9    Str: 12    XL:     7   Next: 81%
Magic:  3/11       EV: 12    Int: 18    God:
Gold:   239        SH:  0    Dex:  9    Spells: 9/12 levels left

rFire   . . .      SeeInvis .   f - +0 spear
rCold   + . .      Faith    .   (no shield)
rNeg    . . .      Spirit   .   (armour unavailable)
rPois   .          Reflect  .   (helmet restricted)
rElec   .          Harm     .   (no cloak)
rCorr   .          Rampage  .   (no gloves)
Will    .....                   j - +2 pair of boots
Stlth   +.........              (no amulet)
HPRegen 0.19/turn               (no ring)
MPRegen 0.12/turn               (no ring)

@: lit by a corona, short of breath, glowing
A: breathe frost, AC +6, unfitting armour, cold resistance 1, cold-blooded
a: Breathe Frost


You were on level 5 of the Dungeon.
You visited 1 branch of the dungeon, and saw 5 of its levels.
You also visited: Sewer.

You collected 239 gold pieces.

Inventory:

Hand Weapons
 f - a +0 spear (weapon)
   (You found it on level 1 of the Dungeon)
Missiles
 c - 4 poisoned darts
 k - 2 curare-tipped darts (quivered)
Armour
 j - a +2 pair of boots (worn)
   (You found it on level 2 of the Dungeon)
Jewellery
 o - a ring of see invisible
   (You found it on level 4 of the Dungeon)
Wands
 p - a wand of acid (13)
   (You found it on level 4 of the Dungeon)
Scrolls
 a - a scroll of fear {unknown}
 d - 2 scrolls of brand weapon
 e - 3 scrolls of teleportation {@r4}
 g - a scroll of enchant armour
 h - 2 scrolls of fog
 l - 2 scrolls of magic mapping {unknown}
 q - 2 scrolls of identify {@r1}
 s - a scroll of blinking {unknown}
 x - a scroll of vulnerability {unknown}
Potions
 b - a potion of cancellation
 i - 3 potions of curing {@q1}
 m - a potion of mutation {!q}
 n - a potion of heal wounds {unknown}
 r - a potion of resistance
 t - 2 potions of lignification {!q}
 u - a potion of might
 v - a potion of haste {@q3}
 w - a potion of magic


   Skills:
 + Level 3.3 Fighting
 * Level 4.2 Polearms
 - Level 2.0 Dodging
 + Level 3.7 Stealth
 - Level 3.0 Spellcasting
 + Level 6.4 Conjurations
 + Level 1.9 Ice Magic


You had 9 spell levels left.
You knew the following spells:

 Your Spells              Type           Power      Damage    Failure   Level
a - Magic Dart            Conj           100%       1d8       1%          1
b - Searing Ray           Conj           52%        2d6       1%          2

Your spell library contained the following spells:

 Spells                   Type           Power      Damage    Failure   Level
 Dazzling Flash           Conj/Hex       28%        N/A       13%         3
 Fulminant Prism          Conj/Hex       7%         3d7       41%         4
 Iskenderun's Mystic Bla  Conj/Tloc      14%        2d5       41%         4


Dungeon Overview and Level Annotations

Branches:
Dungeon (5/15)             Temple (0/1) D:4           Sewer (visited)

Altars:
Uskayaw

Annotations:
D:5 Dowan, Duvessa


Innate Abilities, Weirdness & Mutations

You can breathe waves of freezing cold which knock back foes.
Your icy white scales are hard. (AC +6)
You cannot fit into any form of body armour.
Your flesh is cold resistant. (rC+)
You are cold-blooded and may be slowed by cold attacks.


Message History

The phantom barely misses you.
The water moccasin skeleton barely misses you.
You climb upwards.
There is a stone staircase leading down here.
You miss the phantom. The hound bites you but does no damage.
The hound misses you. The phantom hits you.
The phantom blinks!
You blink.
You hit the phantom.
You destroy the phantom!
Your Polearms skill increases to level 4!
Aim: a hound (56% to hit)
You exhale a wave of freezing cold.
The freezing breath hits the hound!
The hound is blown backwards by the freezing wind.
Reach: f) +0 spear
Aim: a hound (severely wounded, about 50% to evade your +0 spear)
You reach to attack!
You hit the hound. You closely miss the hound.
The hound bites you but does no damage. The hound bites you.
You closely miss the hound.
Your tail-slap misses the hound.
The hound bites you but does no damage.
You hit the hound.
You kill the hound!
You see here a hound corpse.
You see here a +0 club.
You have got your breath back.
There is a stone staircase leading down here.
You start resting.
You start resting.
You climb downwards.
Found a whip.
There is a stone staircase leading up here.
Found 17 arrows.
A phantom comes into view.
A phantom is nearby!
A phantom is nearby!
A phantom is nearby!
You see here 17 arrows.
Aim: a phantom (71% to hit)
The searing ray misses the phantom. (Press . to maintain the ray.)
The searing ray misses the phantom.
The phantom misses you.
The searing ray hits the phantom.
The phantom hits you.
The searing ray hits the phantom.
You finish channelling your searing ray.
The phantom closely misses you. The phantom closely misses you.
The phantom barely misses you.
Aim: a phantom (lightly damaged, 71% to hit)
The searing ray hits the phantom. (Press . to maintain the ray.)
The phantom hits you.
The searing ray hits the phantom.
The phantom closely misses you.
The searing ray hits the phantom.
The phantom hits you but does no damage.
The searing ray hits the phantom!
You finish channelling your searing ray.
The phantom closely misses you.
The phantom hits you but does no damage.
Aim: a phantom (almost destroyed, 71% to hit)
The searing ray hits the phantom.
You destroy the phantom! (Press . to maintain the ray.)
You now have 216 gold pieces (gained 19).
There is an open door here.
You now have 225 gold pieces (gained 9).
You now have 239 gold pieces (gained 14).
Key pressed, stopping explore.
Found a stone staircase leading down.
There is a stone staircase leading down here.
q - 2 scrolls of identify {@r1} (gained 1)
Found a stone staircase leading up.
w - a potion of magic
x - a scroll labelled CEP DA XOWN Duvessa and Dowan come into view.
Dowan is wielding a +2 dagger of venom and wearing a +1 robe of willpower.
Aim: Duvessa, wielding a +0 short sword and wearing a +0 chain mail (asleep, 100% to hit)
The searing ray hits Duvessa!
The searing ray hits Dowan!
Dowan shouts! (Press . to maintain the ray.)
The searing ray hits Duvessa but does no damage.
The searing ray hits Dowan.
Dowan gestures wildly while chanting.
Dowan blinks!
Duvessa hits you with a +0 short sword.
The searing ray hits Duvessa.
Duvessa hits you with a +0 short sword. Dowan hits you but does no damage.
You are poisoned.
Restarting spell: Searing Ray (safe; 1% risk of failure)
Aim: Duvessa, wielding a +0 short sword and wearing a +0 chain mail (moderately wounded, 87% to hit)
The searing ray hits Duvessa but does no damage. (Press . to maintain the ray.)
You feel sick. Duvessa hits you but does no damage.
Dowan hits you with a +2 dagger of venom.
You are more poisoned.
You feel very sick. Dowan barely misses you.
You feel very sick.
You feel very sick.
You feel very sick.
You feel sick.
You feel sick.
Aim: Duvessa, wielding a +0 short sword and wearing a +0 chain mail (moderately wounded, 87% to hit)
The searing ray hits Duvessa!
The searing ray hits Dowan. (Press . to maintain the ray.)
You feel sick. Duvessa hits you with a +0 short sword.
* * * LOW HITPOINT WARNING * * *
The searing ray hits Duvessa but does no damage.
The searing ray misses Dowan.
You feel sick. Duvessa hits you but does no damage.
The searing ray misses Duvessa.
The searing ray hits Dowan.
You feel sick. Duvessa hits you with a +0 short sword.
* * * LOW HITPOINT WARNING * * *
You feel better. Duvessa hits you with a +0 short sword.
* * * LOW HITPOINT WARNING * * *
Dowan mumbles some strange words.
Dowan blinks!
Unknown command.
Aim: Duvessa, wielding a +0 short sword and wearing a +0 chain mail (heavily wounded, 87% to hit)
The searing ray hits Duvessa but does no damage. (Press . to maintain the ray.) Duvessa hits you with a +0 short sword.
* * * LOW HITPOINT WARNING * * *
Aim: Duvessa, wielding a +0 short sword and wearing a +0 chain mail (heavily wounded, 81% to hit)
You exhale a wave of freezing cold.
The freezing breath hits Duvessa.
Duvessa is blown backwards by the freezing wind.
Dowan casts a spell at Duvessa.
Duvessa seems to speed up.
Dowan casts a spell at you.
You are outlined in light.
Dowan gestures wildly while chanting.
Dowan blinks!
Duvessa hits you but does no damage. Duvessa hits you but does no damage.
Duvessa misses you. Duvessa hits you with a +0 short sword!
* * * LOW HITPOINT WARNING * * *
Duvessa hits you with a +0 short sword!
* * * LOW HITPOINT WARNING * * *
Duvessa hits you but does no damage. Duvessa hits you but does no damage.
Duvessa hits you with a +0 short sword.
* * * LOW HITPOINT WARNING * * *
Okay, then.
Okay, then.
Throw: 3 darts (curare)
Aim: Duvessa, wielding a +0 short sword and wearing a +0 chain mail (heavily wounded, fast, 67% to hit)
You throw a curare-tipped dart. The curare-tipped dart hits Duvessa.
Duvessa is poisoned.
Duvessa convulses.
Duvessa seems to slow down.
Duvessa hits you with a +0 short sword!
You die...

#.# #.# #.###.... #.#
#.# #.# #.###
####.####.# #.###.#
#......##.#####.....#
#.##.#.##.#.....#####
#. #.....#......# ..
###.##.#.###.#♣♣ ..
#e##.#.###...♣♣♣♣♣ .
#@##.#.##.........
#.##........♣♣♣♣♣.
#.####.##..♣♣ #<.
...###.# ######## #.#
#.# #.# #.#


You could see Duvessa (fast, very poisoned, slow).

Vanquished Creatures
  2 black bears
  An ice beast (D:4)
  2 phantoms
  2 kobold brigands (Sewer)
  A water moccasin skeleton (D:5)
  2 hounds (D:4)
  An iguana (D:5)
  11 adders
  3 river rats (Sewer)
  A dart slug (D:3)
  5 orcs
  4 bats
  7 endoplasms
  7 giant cockroaches
  4 goblins
  5 hobgoblins
  5 jackals (Sewer)
  10 kobolds
  6 quokkas
  6 ball pythons
  2 frilled lizards (Sewer)
  10 rats
97 creatures vanquished.

Vanquished Creatures (others)
  15 plants (Sewer)
15 creatures vanquished.

Grand Total: 112 creatures vanquished

Notes
Turn   | Place    | Note
-------+----------+-------------------------------------------
     0 | D:1      | CryoSword the Draconian Conjurer began the quest for the
                  | Orb.
     0 | D:1      | Reached XP level 1. HP: 14/14 MP: 3/3
   735 | D:1      | Reached XP level 2. HP: 19/20 MP: 1/5
   739 | D:1      | Learned a level 2 spell: Searing Ray
  1314 | D:2      | Noticed a black bear
  1409 | D:2      | Reached XP level 3. HP: 26/26 MP: 2/6
  1413 | D:2      | Killed a black bear
  1414 | D:2      | Reached skill level 1 in Fighting
  1414 | D:2      | Reached skill level 1 in Polearms
  1414 | D:2      | Reached skill level 5 in Conjurations
  1414 | D:2      | Reached XP level 4. HP: 17/35 MP: 0/7
  1686 | D:2      | Found a faded altar of an unknown god.
  1940 | D:2      | Found a hide-covered altar of Uskayaw.
  2407 | D:3      | Reached XP level 5. HP: 40/40 MP: 2/8
  2427 | D:3      | Found a glowing drain.
  2433 | Sewer    | Entered a sewer
  3115 | Sewer    | Reached XP level 6. HP: 48/48 MP: 5/10
  4298 | D:4      | Noticed an ice beast
  4306 | D:4      | Killed an ice beast
  4307 | D:4      | Reached skill level 6 in Conjurations
  4449 | D:4      | Your scales start taking on an icy white colour.
  4449 | D:4      | Reached XP level 7. HP: 56/56 MP: 5/11
  4449 | D:4      | Gained mutation: Your flesh is cold resistant. (rC+) [White
                  | Draconian growth]
  4885 | D:4      | Found a staircase to the Ecumenical Temple.
  5136 | D:5      | Entered Level 5 of the Dungeon
  5244 | D:5      | Reached skill level 1 in Ice Magic
  5809 | D:5      | Noticed Duvessa
  5809 | D:5      | Noticed Dowan
  5846 | D:5      | HP: 2/57 [Duvessa/+0 short sword (5)]
  5848 | D:5      | Mangled by Duvessa

Illustrated notes

Levels and vault maps discovered:
D:1:      dpeg_arrival_refuge, layout_basic
D:2:      layout_basic, basic_altar, hellmonk_ecumenical_altar_blasted,
          minmay_crystal_water, grunt_ministairs_14, feat_on_display
D:3:      layout_rooms, gup_sewer_entry_pipe
D:4:      layout_basic, minmay_temple_entry_from_below_b, feat_on_display
D:5:      layout_loops_ring, fedhas_altar_4, kennysheep_decorative_pillar,
          kennysheep_small_circle, uniq_duvessa

Skill      XL: |  1  2  3  4  5  6  7 |
---------------+----------------------+-----
Fighting       | 1 2 3 |  3.3
Polearms       | 1 2 3 4 |  4.2
Dodging        | 2 |  2.0
Stealth        | 2 3 |  3.7
Conjurations   | 5 6 |  6.4
Spellcasting   | 3 |  3.0
Ice Magic      | 1 |  1.9

Action                   |  1- 3 |  4- 6 |  7- 9 || total
-------------------------+-------+-------+-------++-------
Melee: Unarmed           |    20 |       |       ||    20
       Dagger            |     3 |       |       ||     3
       Spear             |     5 |    93 |    26 ||   124
       Tailslap          |     1 |     8 |     2 ||    11
Throw: Dart              |       |       |     1 ||     1
 Cast: Magic Dart        |    21 |     3 |       ||    24
       Searing Ray       |     6 |    40 |    21 ||    67
 Abil: Breathe Frost     |       |       |     6 ||     6
  Use: Scroll            |       |     6 |     6 ||    12
       Potion            |       |     2 |     1 ||     3
 Stab: Sleeping          |       |     2 |     1 ||     3
Armor: Skin              |     9 |    42 |    38 ||    89
Dodge: Dodged            |    22 |    99 |    39 ||   160
